 Dungeon Crawl Stone Soup version 0.27-a0-1202-ge72e49191c (webtiles) character file.

Game seed: 4111378809713559850

1320 flotson the Skirmisher (level 8, 0/62 HPs)
             Began as a Demonspawn Fighter on June 3, 2021.
             Slain by Menkaure (18 damage)
             ... on level 4 of the Dungeon.
             The game lasted 00:07:08 (4443 turns).

flotson the Skirmisher (Demonspawn Fighter)         Turns: 4443, Time: 00:07:09

Health: 0/62       AC:  9    Str: 18    XL:     8   Next: 33%
Magic:  8/8        EV: 10    Int: 11    God:
Gold:   323        SH: 16    Dex: 18    Spells: 7/7 levels left

rFire    . . .     SeeInvis .   I - +0 whip (freeze)
rCold    . . .     Faith    .   c - +0 kite shield
rNeg     . . .     Spirit   .   i - +0 swamp dragon scales
rPois    +         Reflect  .   (helmet restricted)
rElec    .         Harm     .   (no cloak)
rCorr    .         Rampage  .   (no gloves)
Will     .....                  o - +0 pair of boots
Stlth    +.........             (no amulet)
HPRegen  0.20/turn              e - +6 ring of dexterity
MPRegen  0.11/turn              u - ring of poison resistance

@: no status effects
A: antennae 1, large bone plates 2, powered by death 1
a: no special abilities


You were on level 4 of the Dungeon.
You visited 1 branch of the dungeon, and saw 6 of its levels.
You also visited: Ossuary.

You collected 323 gold pieces.

Inventory:

Hand Weapons
 a - a +0 war axe
 b - a +0 hunting sling
 p - a +0 trident
 I - a +0 whip of freezing (weapon)
Missiles
 f - 60 stones (quivered)
Armour
 c - a +0 kite shield (worn)
 i - +0 swamp dragon scales (worn)
 n - a +0 scale mail of fire resistance
 o - a +0 pair of boots (worn)
 r - a +0 helmet
Jewellery
 e - a +6 ring of dexterity (left hand)
 g - a ring of fire
 u - a ring of poison resistance (right hand)
Scrolls
 k - a scroll of fog {unknown}
 l - 2 scrolls of enchant weapon {unknown}
 v - a scroll of summoning {unknown}
 y - 2 scrolls of torment {unknown}
 z - 3 scrolls of identify {unknown}
 B - 2 scrolls of noise {unknown}
 E - 2 scrolls of teleportation {unknown}
 F - a scroll of amnesia {unknown}
 G - a scroll of magic mapping {unknown}
 H - a scroll of fear {unknown}
Potions
 d - 2 potions of might
 h - a potion of invisibility {unknown}
 j - 4 potions of curing {unknown}
 m - a potion of resistance
 q - 2 potions of berserk rage {unknown}
 s - a potion of heal wounds {unknown}
 t - a potion of haste {unknown}
 w - a potion of ambrosia {unknown}
 x - a potion of lignification {unknown}
 A - a potion of degeneration {unknown}
 C - a potion of attraction {unknown}
 D - a potion of brilliance {unknown}


   Skills:
 + Level 5.0 Fighting
 + Level 4.2 Axes
 - Level 2.3(2.7) Slings
 + Level 2.0(2.5) Throwing
 + Level 4.5 Armour
 + Level 3.5 Dodging
 + Level 4.7 Shields


You had 7 spell levels left.
You didn't know any spells.
Your spell library contained the following spells:

 Spells                   Type           Power      Damage    Failure   Level
 Beastly Appendage        Tmut           0%         N/A       93%         1
 Wereblood                Tmut           0%         N/A       98%         2
 Spider Form              Tmut/Pois      0%         N/A       100%        3
 Ice Form                 Ice/Tmut       0%         N/A       100%        4
 Hydra Form               Tmut           0%         N/A       100%        5


Dungeon Overview and Level Annotations

Branches:
Dungeon (6/15)            Ossuary (visited)
 Temple: D:4-7

Altars:
Qazlal
Ru
Trog
Uskayaw

Shops:
D:1 [

Annotations:
D:4 Menkaure
D:5 Prince Ribbit


Innate Abilities, Weirdness & Mutations

You have a pair of small antennae on your head.
You are mostly covered in large bone plates. (SH +6)
You regenerate a little health from kills.


Message History

You hit Menkaure but do no damage.
Menkaure is lightly damaged.
Menkaure giggles, "These cerements are ticklish..."
You block Menkaure's attack.
You hit Menkaure.
Menkaure is lightly damaged.
Menkaure mumbles some strange words.
Menkaure seems to speed up.
You hit Menkaure.
Menkaure is moderately damaged.
Menkaure hits you!
You hit Menkaure but do no damage.
Menkaure is moderately damaged.
Menkaure hits you.
Menkaure draws the symbol "Udjat" in the dust.
You block Menkaure's attack.
You hit Menkaure.
Menkaure is heavily damaged.
You block Menkaure's attack.
Your swamp dragon scales prevents you from hitting Menkaure.
Menkaure is heavily damaged.
You block Menkaure's attack. Menkaure hits you!!
* * * LOW HITPOINT WARNING * * *
You are too injured to fight recklessly!
You are too injured to fight recklessly!
You are too injured to fight recklessly!
You are too injured to fight recklessly!
You are too injured to fight recklessly!
You are too injured to fight recklessly!
You hit Menkaure but do no damage.
Menkaure is heavily damaged.
You block Menkaure's attack.
You hit Menkaure.
Menkaure is severely damaged.
Menkaure points at you and mumbles some strange words.
You struggle to resist.
You block Menkaure's attack.
You hit Menkaure.
Menkaure is severely damaged.
Menkaure hits you!!
You die...

.#...#.##.# #<#....#
...(...##.###.#....#
####..........#....#
######.#####..$.#
#.#.. .....# #.#.#
#....# ####.#.#
#..#.#
###....#.###....#
#...........#@###
#.#.####.##.#M# # #.
#.##.#.# # #.##.#..
#....#.# ######.#
###


You could see Menkaure (fast).

Vanquished Creatures
  Pikel (D:5)
  A water moccasin (D:6)
  A necrophage (D:5)
  A phantom (D:6)
  A howler monkey (D:5)
  3 hounds (D:5)
  A bullfrog skeleton (D:5)
  Terence (D:3)
  2 iguanas (D:5)
  13 mummies (Ossuary)
  Robin (D:3)
  10 adders
  An ufetubus (D:6)
  A worm (D:3)
  A dart slug (D:3)
  An orc (D:3)
  4 ball pythons
  3 endoplasms (D:1)
  4 giant cockroaches
  A gnoll zombie (D:6)
  13 goblins
  7 hobgoblins
  A quokka (D:1)
  6 bats
  2 goblin skeletons (Ossuary)
  5 kobolds
  4 kobold skeletons (Ossuary)
  2 orc skeletons (Ossuary)
  9 rats
  11 rat skeletons (Ossuary)
112 creatures vanquished.

Vanquished Creatures (others)
  4 plants (D:3)
  4 withered plants (D:3)
8 creatures vanquished.

Grand Total: 120 creatures vanquished

Notes
Turn   | Place    | Note
-------+----------+-------------------------------------------
     0 | D:1      | flotson the Demonspawn Fighter began the quest for the Orb.
     0 | D:1      | Reached XP level 1. HP: 18/18 MP: 1/1
   263 | D:1      | Gained mutation: You are partially covered in large bone
                  | plates. (SH +4) [demonic ancestry]
   263 | D:1      | Reached XP level 2. HP: 24/24 MP: 2/2
   658 | D:1      | Found Neagi's Antique Armour Shoppe.
   877 | D:2      | Gained mutation: You regenerate a little health from kills.
                  | [demonic ancestry]
   877 | D:2      | Reached XP level 3. HP: 29/29 MP: 3/3
  1018 | D:2      | Reached skill level 1 in Dodging
  2015 | D:3      | Gained mutation: You are mostly covered in large bone
                  | plates. (SH +6) [demonic ancestry]
  2015 | D:3      | Reached XP level 4. HP: 27/35 MP: 4/4
  2108 | D:3      | Noticed Terence
  2124 | D:3      | Killed Terence
  2562 | D:3      | Noticed Robin
  2567 | D:3      | Killed Robin
  2572 | D:3      | Reached skill level 1 in Slings
  2572 | D:3      | Reached XP level 5. HP: 36/41 MP: 5/5
  2605 | D:3      | Found a faded altar of an unknown god.
  2847 | D:4      | Found a bloodstained altar of Trog.
  2847 | D:4      | Noticed Pikel
  2847 | D:4      | Noticed a lemure
  2847 | D:4      | Noticed a lemure
  2847 | D:4      | Noticed a lemure
  2847 | D:4      | Noticed a lemure
  2848 | D:4      | You fall into a shaft and drop 2 floors!
  2940 | D:6      | Noticed a phantom
  2963 | D:6      | Killed a phantom
  3003 | D:6      | Noticed a water moccasin
  3012 | D:6      | Killed a water moccasin
  3013 | D:6      | Reached skill level 4 in Fighting
  3013 | D:6      | Gained mutation: You have a pair of small antennae on your
                  | head. [demonic ancestry]
  3013 | D:6      | Reached XP level 6. HP: 28/48 MP: 6/6
  3032 | D:6      | Found a sand-covered staircase.
  3037 | Ossuary  | Entered an ossuary
  3731 | Ossuary  | Reached XP level 7. HP: 54/54 MP: 7/7
  3869 | D:5      | Entered Level 5 of the Dungeon
  3935 | D:5      | Noticed Prince Ribbit
  4167 | D:5      | Reached skill level 1 in Throwing
  4232 | D:4      | Found a stormy altar of Qazlal.
  4232 | D:4      | Found a sacrificial altar of Ru.
  4232 | D:4      | Found a hide-covered altar of Uskayaw.
  4250 | D:5      | Killed Pikel
  4251 | D:5      | Reached skill level 5 in Fighting
  4251 | D:5      | Reached XP level 8. HP: 47/62 MP: 8/8
  4430 | D:4      | Noticed Menkaure
  4443 | D:4      | Slain by Menkaure

Illustrated notes

Levels and vault maps discovered:
D:1:      pf_arrival_petrified_forest, layout_basic, serial_shops,
          nicolae_shop_stone
D:2:      layout_loops_cross, chequers_jeans
D:3:      layout_basic, shapermc_ecumenical_altar_flowoftime,
          small_statue_intersection, uniq_terence, uniq_robin
D:4:      layout_basic, nicolae_overflow_hidden_temple, temple_pool_b,
          corexii_item_surrounded_by_moat, uniq_pikel, uniq_sigmund,
          uniq_menkaure
D:5:      layout_basic, uniq_prince_ribbit1
D:6:      layout_loops_cross, enter_ossuary_3

Skill      XL: |  1  2  3  4  5  6  7 |
---------------+----------------------+-----
Axes           | 2 3 4 |  4.2
Armour         | 3 4 |  4.5
Shields        | 3 4 |  4.7
Dodging        | 1 2 3 |  3.5
Slings         | 1 2 |  2.3
Fighting       | 4 5 |  5.0
Throwing       | 2 |  2.0

Action                   |  1- 3 |  4- 6 |  7- 9 || total
-------------------------+-------+-------+-------++-------
Melee: War axe           |    96 |   188 |    66 ||   350
       Whip              |       |       |    18 ||    18
 Fire: Hunting sling     |    19 |       |    31 ||    50
  Use: Potion            |       |     1 |     1 ||     2
Armor: Scale mail        |    40 |       |       ||    40
       Swamp dragon scal |    10 |    70 |    22 ||   102
Dodge: Dodged            |    24 |    49 |    26 ||    99
Block: Kite shield       |    79 |   160 |    67 ||   306

Table legend: (Time is in decaauts)
 A = Elapsed time spent in this place.
 B = Non-inter-level travel time spent in this place.
 C = Inter-level travel time spent in this place.
 D = Time resting spent in this place.
 E = Time spent auto-exploring this place.
 F = Levels seen in this place.
 G = Mean time per level.
                   A        B        C        D        E       F      G
               +--------+--------+--------+--------+--------+-----+--------+
         Total |   4665 |   4543 |    122 |      0 |   3419 |   7 |  666.4 |
       Dungeon |   3833 |   3711 |    122 |      0 |   2823 |   6 |  638.8 |
       Ossuary |    832 |    832 |      0 |      0 |    596 |   1 |  832.0 |
               +--------+--------+--------+--------+--------+-----+--------+

Top non-repeatable levels by time:
     D:2: 1061 daAuts
     D:3: 1022 daAuts
     D:1: 876 daAuts
 Ossuary: 832 daAuts
     D:5: 545 daAuts
     D:6: 259 daAuts
     D:4: 68 daAuts
